AoeStats
← gob b

Arena

504194628Analyzed
3v3 RM · 28d ago on Sep 4, 2026· 52m 26s· 6 players
Game mode
Random Map
Map size
Normal (6 player)
Population
200
Speed
Normal
Resources
Standard
Victory
Conquest
Starting age
Dark Age
Ending age
Imperial Age
RankedLock teamsTeams togetherTeam positionsShared explorationLock speedFull tech treeHidden civsTurbo modeCheats
Victory
Defeat
🇵🇹 Spanish · Portugal
1285
+14
🇨🇳 Mongols · China
1260
+15
🇸🇰 Persians · Slovakia
1204
+18
1283
-17
🇮🇳 Khitans · India
1224
-15
1223
-15
gob b
11:46 Feudal Age
15:29 Castle Age
14:00 Double-Bit Axe
13:57 Domestication
14:08 Gold Mining
15:12 Forging
15:06 Scale Mail Armor
18:14 Bow Saw
21:41 Pastoralism
22:24 Wheelbarrow
22:09 Fletching
24:32 Bodkin Arrow
26:36 Pastoralism
29:37 Imperial Age
28:06 Hand Cart
30:35 Iron Casting
30:06 Scale Barding Armor
30:16 Husbandry
31:49 Two-Man Saw
31:47 Bracer
31:22 Elite Steppe Lancer
33:11 Chain Barding Armor
33:14 Conscription
34:08 Transhumance
35:56 Plate Barding Armor
36:02 Ordo Cavalry
38:31 Loom
40:29 Town Watch
41:00 Scale Mail Armor
42:13 Padded Archer Armor
44:29 Leather Archer Armor
43:53 Light Cavalry
44:30 Elite Skirmisher
45:17 Thumb Ring
45:35 Ballistics
46:16 Chemistry
45:49 Ring Archer Armor
45:14 Hussar
[T41] Indian War Lord
10:47 Feudal Age
15:43 Castle Age
13:53 Double-Bit Axe
14:04 Horse Collar
16:11 Wheelbarrow
19:08 Chemistry
19:25 Loom
25:07 Bow Saw
25:42 Padded Archer Armor
34:44 Imperial Age
34:29 Leather Archer Armor
34:28 Heavy Plow
34:44 Capped Ram
36:08 Ring Archer Armor
38:16 Fletching
39:14 Bombard Tower
39:15 Ballistics
39:38 Murder Holes
39:44 Murder Holes
40:23 Hand Cart
40:34 Bodkin Arrow
49:37 Squires
HuNTeR <3<3<3 Chipdi
0:27 Loom
12:31 Feudal Age
17:08 Castle Age
15:13 Double-Bit Axe
15:20 Horse Collar
22:09 Wheelbarrow
23:41 Stone Mining
24:40 Heavy Plow
25:33 Ballistics
24:47 Elite Skirmisher
30:26 Imperial Age
28:36 Scale Barding Armor
28:25 Gold Mining
29:22 Hand Cart
30:39 Bow Saw
31:06 Gold Shaft Mining
30:34 Husbandry
30:48 Forging
31:13 Chain Barding Armor
31:44 Crop Rotation
30:55 Heavy Camel Rider
33:16 Plate Barding Armor
33:17 Iron Casting
32:43 Scale Mail Armor
34:31 Chemistry
33:12 Treadmill Crane
33:27 Murder Holes
35:07 Stone Shaft Mining
34:26 Fletching
34:37 Padded Archer Armor
37:06 Chain Mail Armor
37:24 Conscription
38:41 Thumb Ring
41:01 Leather Archer Armor
40:41 Bodkin Arrow
41:16 Plate Mail Armor
42:06 Crossbowman
44:47 Two-Man Saw
46:19 Ring Archer Armor
45:50 Bracer
likempcuser
10:07 Feudal Age
14:30 Castle Age
12:44 Double-Bit Axe
13:39 Horse Collar
24:23 Wheelbarrow
24:00 Bow Saw
23:56 Heavy Plow
24:21 Town Watch
24:21 Loom
27:48 Imperial Age
25:51 Scale Barding Armor
25:49 Gold Mining
25:49 Stone Mining
25:55 Stone Mining
27:11 Masonry
27:25 Chain Barding Armor
27:15 Forging
29:17 Architecture
31:21 Bloodlines
31:12 Husbandry
33:14 Hand Cart
34:01 Two-Man Saw
33:35 Crop Rotation
35:01 Caravan
35:03 Cavalier
36:21 Plate Barding Armor
36:39 Gold Shaft Mining
37:22 Savar
39:06 Conscription
40:25 Iron Casting
39:14 Light Cavalry
41:17 Pikeman
41:58 Squires
41:29 Hussar
43:39 Scale Mail Armor
44:41 Blast Furnace
44:41 Fletching
45:07 Chain Mail Armor
44:53 Padded Archer Armor
44:51 Elite Skirmisher
51:10 Citadels
51:01 Kamandaran
51:31 Bodkin Arrow
51:53 Leather Archer Armor
Massarock
10:41 Feudal Age
11:54 Double-Bit Axe
11:53 Horse Collar
16:25 Castle Age
15:26 Stone Mining
18:02 Double-Bit Axe
18:11 Loom
18:46 Heavy Plow
19:33 Bow Saw
22:19 Padded Archer Armor
24:25 Leather Archer Armor
25:06 Wheelbarrow
24:20 Town Watch
25:16 Wheelbarrow
30:55 Imperial Age
29:00 Hand Cart
32:40 Chemistry
32:56 Two-Man Saw
32:30 Ring Archer Armor
31:39 Pikeman
33:27 Conscription
33:56 Capped Ram
35:27 Scale Mail Armor
35:38 Forging
35:49 Halberdier
37:00 Bombard Tower
42:06 Ballistics
45:15 Caravan
45:28 Siege Ram
52:02 Stone Shaft Mining
51:19 Gold Mining
Andrew_S
10:29 Feudal Age
14:59 Castle Age
13:10 Double-Bit Axe
13:08 Horse Collar
16:00 Bow Saw
16:50 Heavy Plow
22:24 Wheelbarrow
22:26 Gold Mining
24:20 Stone Mining
28:32 Imperial Age
25:55 Loom
26:49 Gold Shaft Mining
26:51 Stone Shaft Mining
26:49 Hand Cart
26:53 Fletching
27:48 Scale Barding Armor
27:33 Town Watch
28:07 Forging
29:15 Chain Barding Armor
29:20 Elite Mangudai
29:56 Bodkin Arrow
30:38 Bloodlines
30:30 Padded Archer Armor
30:55 Conscription
31:02 Ballistics
31:03 Bracer
31:53 Thumb Ring
32:24 Leather Archer Armor
33:26 Chemistry
33:01 Parthian Tactics
32:36 Light Cavalry
33:19 Husbandry
33:42 Hussar
35:01 Iron Casting
37:07 Blast Furnace
45:15 Capped Ram
47:36 Coinage
47:06 Caravan
Connection lost

Rejoining the realm…

Still unreachable

The connection could not be restored.

Session expired

The server has moved on; the page needs a fresh start.